 Dungeon Crawl Stone Soup version 0.30-a0-172-gc5509c9e31 (webtiles) character file.

Game seed: 8896032434714572115

208 blackman the Slasher (level 6, -3/41 HPs)
             Began as a Human Wanderer on Oct 1, 2022.
             Slain by an iguana (10 damage)
             ... on level 4 of the Dungeon.
             The game lasted 00:11:40 (3304 turns).

blackman the Slasher (Human Wanderer)               Turns: 3304, Time: 00:11:41

Health: -3/41      AC:  6    Str:  8    XL:     6   Next: 11%
Magic:  9/9        EV: 11    Int: 11    God:
Gold:   176        SH:  0    Dex: 20    Spells: 8/9 levels left

rFire   . . .      SeeInvis .    g - +0 dagger (venom)
rCold   + . .      Faith    .    (no shield)
rNeg    . . .      Spirit   .    u - +0 ring mail
rPois   .          Reflect  .    b - +0 helmet
rElec   .          Harm     .    (no cloak)
rCorr   .          Rampage  .    (no gloves)
Will    .....                    (no boots)
Stlth   ++........               (no amulet)
HPRegen 0.26/turn                n - ring of protection from cold
MPRegen 0.11/turn                (no ring)

@: no status effects
A: no striking features
a: no special abilities


You were on level 4 of the Dungeon.
You visited 1 branch of the dungeon, and saw 4 of its levels.

You collected 176 gold pieces.

Inventory:

Hand Weapons
 a - a +0 dagger
 g - a +0 dagger of venom (weapon)
 r - a +0 rapier
Missiles
 t - a throwing net
Armour
 b - a +0 helmet (worn)
 d - a +0 robe
 u - a +0 ring mail (worn)
 w - the +1 robe of the Locust {Rampage rN+++ Will- Stlth+}
   (You found it on level 3 of the Dungeon)

   rN:        It renders you almost immune to negative energy.
   Rampage:   It bestows one free step when moving towards enemies.
   Will:      It decreases your willpower.
   Stlth:     It makes you more stealthy.
 z - a +0 helmet
Jewellery
 n - a ring of protection from cold (left hand)
Wands
 y - a wand of charming (7)
Scrolls
 e - 4 scrolls of teleportation
 f - a scroll of fog {unknown}
 j - a scroll of vulnerability {unknown}
 l - 2 scrolls of enchant weapon {unknown}
 o - a scroll of poison {unknown}
 p - 3 scrolls of noise
 q - a scroll of identify {unknown}
 v - a scroll of enchant armour {unknown}
Potions
 c - a potion of might
 h - 4 potions of curing {unknown}
 i - 2 potions of attraction {unknown}
 k - a potion of berserk rage {unknown}
 m - 2 potions of flight {unknown}
 s - a potion of cancellation {unknown}
 x - a potion of brilliance {unknown}


   Skills:
 - Level 4.4 Long Blades
 * Level 2.7 Dodging
 - Level 3.0 Stealth
 - Level 1.0 Unarmed Combat
 - Level 2.0 Spellcasting
 - Level 3.0 Translocations
 - Level 1.0 Evocations


You had 8 spell levels left.
You knew the following spells:

 Your Spells              Type           Power      Damage    Failure   Level
a - Apportation           Tloc           14%        N/A       26%         1

Your spell library contained the following spells:

 Spells                   Type           Power      Damage    Failure   Level
 Gell's Gravitas          Tloc           7%         N/A       61%         3
 Lesser Beckoning         Tloc           7%         N/A       61%         3
 Cigotuvi's Dreadful Rot  Necr/Pois/Air  2%         N/A       80%         2
 Dispel Undead            Necr           1%         3d6       100%        4
 Death Channel            Necr           0%         N/A       100%        6


Dungeon Overview and Level Annotations

Branches:
Dungeon (4/15)
 Temple: D:4-7

Altars:
Dithmenos
Fedhas
Kikubaaqudgha


Message History

The orc is heavily wounded.
The orc hits you from afar with a +0 trident.
The orc closely misses you.
You hit the orc but do no damage.
The orc is heavily wounded.
You hit the orc.
The orc is poisoned.
The orc is almost dead.
The orc barely misses you. The orc hits you with a +0 club.
You barely miss the orc.
The orc is almost dead.
The orc closely misses you. The orc hits you with a +0 club.
You hit the orc but do no damage.
The orc is almost dead.
The orc hits you from afar with a +0 trident.
The orc closely misses you.
You hit the orc.
You kill the orc!
The orc closely misses you. The orc closely misses you.
Items here: )) [ †.
You closely miss the orc. The orc hits you with a +0 trident.
You hit the orc.
The orc is poisoned.
The orc is lightly wounded.
The orc misses you.
You barely miss the orc.
The orc is heavily wounded.
The orc barely misses you.
You hit the orc.
The orc is almost dead.
You hit the orc.
You kill the orc!
You barely miss the iguana. The iguana bites you!
* * * LOW HITPOINT WARNING * * *
You hit the iguana but do no damage.
The iguana is poisoned.
The iguana bites you.
* * * LOW HITPOINT WARNING * * *
You hit the iguana but do no damage.
The iguana is lightly wounded.
The iguana bites you!
You die...

.... .>. # .>.
#.# #.# #
.......#.#.#
#..#.#..^..# ..
#..[.......# ..
#.. #.#.#....#
...#<. #..))!#
...#..####l###
.....#.##@###...
#.......?...#
#.......###.#
#.#...### #.#
##.## #.# #.#
#.# #.## #.#
#..# #<# ##.#
#.#


You could see an iguana (very poisoned).

Vanquished Creatures
  An orc priest (D:2)
  Robin (D:3)
  6 adders
  2 dart slugs
  8 orcs
  7 endoplasms
  6 giant cockroaches
  15 goblins
  9 hobgoblins
  3 jackals (D:1)
  9 kobolds
  5 quokkas
  7 ball pythons
  9 bats
  A frilled lizard (D:1)
  4 rats (D:2)
93 creatures vanquished.

Notes
Turn   | Place    | Note
-------+----------+-------------------------------------------
     0 | D:1      | blackman the Human Wanderer began the quest for the Orb.
     0 | D:1      | blackman set off with the following items: a +0 dagger, a
                  | +0 helmet, a potion of might, a +0 robe, a scroll of
                  | teleportation; and the following spell memorised:
                  | Apportation; and the following spells available to
                  | memorise: Gell's Gravitas, Lesser Beckoning.
     0 | D:1      | Reached XP level 1. HP: 13/13 MP: 3/3
    29 | D:1      | Reached skill level 1 in Long Blades
   414 | D:1      | Found a faded altar of an unknown god.
   443 | D:1      | Reached XP level 2. HP: 19/19 MP: 5/5
   495 | D:1      | Reached skill level 2 in Long Blades
   608 | D:1      | Reached XP level 3. HP: 24/24 MP: 6/6
  1048 | D:2      | Reached skill level 3 in Long Blades
  1052 | D:2      | Reached XP level 4. HP: 14/30 MP: 7/7
  1731 | D:2      | Reached skill level 4 in Long Blades
  1737 | D:2      | Reached XP level 5. HP: 21/35 MP: 8/8
  1926 | D:3      | Found an ancient bone altar of Kikubaaqudgha.
  1957 | D:3      | Found a shadowy altar of Dithmenos.
  2073 | D:3      | Found a blossoming altar of Fedhas.
  2129 | D:3      | Reached skill level 1 in Dodging
  2199 | D:3      | Identified the +1 robe of the Locust {Rampage rN+++ Will-
                  | Stlth+}
  2423 | D:3      | Noticed Robin
  2449 | D:3      | Killed Robin
  3027 | D:3      | Reached XP level 6. HP: 37/41 MP: 9/9
  3304 | D:4      | Slain by an iguana

Illustrated notes

Levels and vault maps discovered:
D:1:      dpeg_arrival_rooms_a, layout_rooms, basic_ecumenical_altar,
          minmay_distorted
D:2:      layout_loops_cross, minmay_pentomino_r4
D:3:      minmay_wonky_spiral, layout_loops_cross, fedhas_ov_isle_minmay,
          amcnicky_altar_gilded, mainiacjoe_overflow_boulevard, uniq_robin
D:4:      layout_loops_ring

Skill      XL: |  1  2  3  4  5 |
---------------+----------------+-----
Long Blades    | 1 2 3 4 |  4.4
Dodging        | 2 |  2.7
Stealth        | |  3.0
Unarmed Combat | |  1.0
Spellcasting   | |  2.0
Translocations | |  3.0
Evocations     | |  1.0

Action                   |  1- 3 |  4- 6 || total
-------------------------+-------+-------++-------
Melee: Dagger            |    92 |   168 ||   260
       Punch             |     2 |     2 ||     4
 Cast: Apportation       |       |     3 ||     3
  Use: Scroll            |       |     3 ||     3
 Stab: Sleeping          |     3 |     6 ||     9
Armor: Robe              |    24 |    14 ||    38
       Ring mail         |       |    40 ||    40
Dodge: Dodged            |    55 |   108 ||   163

Table legend: (Time is in decaauts)
 A = Elapsed time spent in this place.
 B = Non-inter-level travel time spent in this place.
 C = Inter-level travel time spent in this place.
 D = Time resting spent in this place.
 E = Time spent auto-exploring this place.
 F = Levels seen in this place.
 G = Mean time per level.
                   A        B        C        D        E       F      G
               +--------+--------+--------+--------+--------+-----+--------+
         Total |   3277 |   3159 |    118 |    727 |   1839 |   4 |  819.2 |
       Dungeon |   3277 |   3159 |    118 |    727 |   1839 |   4 |  819.2 |
               +--------+--------+--------+--------+--------+-----+--------+

Top non-repeatable levels by time:
     D:3: 1295 daAuts
     D:1: 999 daAuts
     D:2: 897 daAuts
     D:4: 85 daAuts
